 Dungeon Crawl Stone Soup version 0.18-a0-1799-g6250cb2 (webtiles) character file.

10039 George the Blocker (level 11, 0/89 HPs)
             Began as a Formicid Fighter on Apr 22, 2016.
             Was a High Priest of Okawaru.
             Killed by drain life
             ... invoked by a soul eater
             ... summoned by a kobold demonologist
              (8 damage)
             ... on level 11 of the Dungeon on Apr 23, 2016.
             The game lasted 01:29:06 (11411 turns).

George the Blocker (Formicid Fighter)              Turns: 11411, Time: 01:29:06

Health: 0/89       AC: 22    Str: 23    XL:     11   Next: 85%
Magic:  17/17      EV:  7    Int:  9    God:    Okawaru [*****.]
Gold:   1121       SH: 12    Dex: 10    Spells: 0 memorised, 10 levels left

rFire  + . .     SeeInvis +     V - +4 scimitar (flame)
rCold  . . .     Gourm    .     Y - +0 plate armour
rNeg   . . .     Faith    .     c - +0 shield
rPois  .         Spirit   .     (helmet unavailable)
rElec  .         Dismiss  .     E - +0 cloak
rCorr  .         Reflect  .     p - +0 pair of gloves
SustAt .         Harm     .     z - +1 pair of boots
MR     +....                    K - amulet of magic regeneration
Stlth  ..........               Q - +3 ring of protection
                                r - ring of protection from fire

@: starving, somewhat resistant to hostile enchantments, extremely unstealthy
A: permanent stasis, dig shafts and tunnels, four strong arms, antennae 3
a: Dig, Shaft Self, Heroism, Finesse, Renounce Religion


You were on level 11 of the Dungeon.
You worshipped Okawaru.
Okawaru was extremely pleased with you.
You were starving.

You visited 2 branches of the dungeon, and saw 12 of its levels.

You collected 1121 gold pieces.

Inventory:

Hand Weapons
 V - a +4 scimitar of flaming (weapon)
Missiles
 S - a throwing net (quivered)
Armour
 c - a +0 shield (worn)
 p - a +0 pair of gloves (worn)
 z - a +1 pair of boots (worn)
 E - a +0 cloak (worn)
 Y - a +0 plate armour (worn)
Jewellery
 r - a ring of protection from fire (left hand)
 J - an uncursed ring of resist corrosion
 K - an amulet of magic regeneration (around neck)
 Q - a +3 ring of protection (right hand)
Wands
 G - a wand of disintegration (8/24)
 M - a wand of acid (12/15)
 N - a wand of iceblast (8/15)
 O - a wand of lightning (12/15)
 U - a wand of iceblast (9/15)
Scrolls
 w - 5 scrolls of enchant weapon
 F - 3 scrolls of fear
 P - a scroll of identify
 T - 3 scrolls of remove curse
 W - a scroll of immolation
 Z - a scroll of magic mapping
Potions
 d - 2 potions of might
 h - a potion of brilliance
 i - 4 potions of heal wounds
 j - 8 potions of curing
 s - 4 potions of mutation
 t - a potion of cure mutation
 x - 2 potions of resistance
 C - 3 potions of agility
 H - 2 potions of magic {unknown}
 I - a potion of ambrosia {unknown}
 L - a potion of invisibility {unknown}
 X - a potion of cancellation {unknown}
Comestibles
 f - 10 bread rations
 g - 5 beef jerkies
 m - 9 slices of pizza
 q - 3 royal jellies
 u - 5 meat rations
 B - 7 fruits


   Skills:
 + Level 9.6 Fighting
 + Level 8.6 Long Blades
 + Level 9.4 Armour
 + Level 10.3 Shields
 + Level 8.9 Invocations


You had 10 spell levels left.
You didn't know any spells.

Dungeon Overview and Level Annotations

Branches:
Dungeon (11/15)            Temple (1/1) D:4             Orc (0/2) D:9
   Lair: D:8-11

Altars:
Ashenzari
Cheibriados
Dithmenos
Elyvilon
Fedhas
Gozag
Kikubaaqudgha
Makhleb
Nemelex Xobeh
Okawaru
Pakellas
Qazlal
Ru
Sif Muna
Trog
Vehumet
Xom
Yredelemnul
Zin
The Shining One

Shops:
D:6 *   D:7 %   D:9 *


Innate Abilities, Weirdness & Mutations

You are under a permanent stasis effect.
You can dig through walls and to a lower floor.
Your four strong arms can wield two-handed weapons with a shield.
You have a pair of large antennae on your head (SInv).


Message History

You slash the kobold demonologist! You burn the kobold demonologist.
The kobold demonologist is severely wounded.
The sixfirhy hits you but does no damage.
The sixfirhy barely misses you. The sixfirhy hits you! The sixfirhy shocks you!
* * * LOW HITPOINT WARNING * * *
The sixfirhy hits you but does no damage.
You block the kobold demonologist's attack.
You hit the kobold demonologist. You burn the kobold demonologist.
The kobold demonologist is almost dead.
The sixfirhy hits you but does no damage.
The sixfirhy hits you.
* * * LOW HITPOINT WARNING * * *
The sixfirhy shocks you!
* * * LOW HITPOINT WARNING * * *
The kobold demonologist hits you but does no damage.
You closely miss the kobold demonologist.
The kobold demonologist is almost dead.
The kobold demonologist gestures wildly while chanting.
The soul eater draws from the surrounding life force!
You die...

#...†..#..#.....
#......#..#o....
#..#####..#####. #......#..#
#......#..# #####..#..#
######### #..$#..#.)# {
#.......### #.54#..#..# {
..........# #.3K@..#..# {
..........# ########..######
..........## #..####........
#..........###..(...........
#..........##..#####........
##.........#..## ########.
##.......#..## #......#..##
##.......##


You could see a soul eater, a kobold demonologist, a sixfirhy and a crimson imp.

Vanquished Creatures
  Erica (D:8)
  The ghost of Sl000nik the Blocker, a novice MiFi of Cheibriados (D:9)
  A gargoyle (D:10)
  A komodo dragon (D:11)
  2 trolls
  2 two-headed ogres
  Prince Ribbit (D:8)
  Sigmund (D:4)
  A wyvern (D:10)
  6 yaks
  A human (D:7)
  A hungry ghost (D:11)
  A water moccasin (D:11)
  A black bear (D:10)
  9 orc warriors
  3 sky beasts
  2 wasps
  2 ice beasts
  A necrophage (D:6)
  3 centaurs
  7 ogres
  A crocodile (D:7)
  8 giant frogs
  A gnoll sergeant (D:10)
  A wyvern skeleton (D:7)
  A jelly (D:11)
  A wight (D:11)
  6 scorpions
  3 howler monkeys (D:9)
  A centaur zombie (D:7)
  3 crimson imps
  4 hounds
  A giant frog skeleton (D:6)
  2 gnoll shamans
  8 orc priests
  A centaur skeleton (D:7)
  Ijyb (D:3)
  12 orc wizards
  2 iguanas
  12 worker ants
  3 sheep (D:7)
  A hound zombie (D:7)
  2 hound skeletons
  A mummy (D:6)
  24 gnolls
  2 howler monkey skeletons
  21 adders
  2 shadow imps
  3 adder skeletons
  An adder zombie (D:6)
  2 worms
  3 dart slugs
  4 giant geckos
  55 orcs
  5 ball pythons (D:2)
  6 bats
  7 giant cockroaches
  10 goblins
  11 hobgoblins
  12 jackals
  12 kobolds
  6 quokkas
  A giant gecko skeleton (D:4)
  A giant gecko zombie (D:5)
  5 giant newts
  2 hobgoblin zombies (D:6)
  2 kobold zombies (D:6)
  7 rats
  A fungus (D:1)
329 creatures vanquished.

Notes
Turn   | Place    | Note
--------------------------------------------------------------
     0 | D:1      | George the Formicid Fighter began the quest for the Orb.
     0 | D:1      | Reached XP level 1. HP: 18/18 MP: 1/1
   167 | D:1      | Reached XP level 2. HP: 20/24 MP: 2/2
   216 | D:1      | Reached skill level 4 in Shields
   249 | D:1      | You fall through a shaft!
   279 | D:2      | Reached XP level 3. HP: 28/29 MP: 3/3
   523 | D:2      | Reached XP level 4. HP: 34/37 MP: 4/4
   960 | D:2      | Reached XP level 5. HP: 37/42 MP: 5/5
  1866 | D:3      | Noticed Ijyb
  1894 | D:3      | Killed Ijyb
  1894 | D:3      | Reached skill level 5 in Shields
  1894 | D:3      | Reached XP level 6. HP: 43/49 MP: 6/6
  2469 | D:4      | Found a white marble altar of Elyvilon.
  2565 | D:4      | Found a staircase to the Ecumenical Temple.
  2594 | D:4      | Noticed Sigmund
  2601 | Temple   | Entered the Ecumenical Temple
  2643 | Temple   | Became a worshipper of Warmaster Okawaru
  2916 | Temple   | Reached skill level 5 in Fighting
  2943 | Temple   | Reached XP level 7. HP: 48/56 MP: 7/7
  2998 | D:4      | Killed Sigmund
  2998 | D:4      | Reached skill level 1 in Invocations
  3242 | D:4      | Reached * piety under Okawaru
  3288 | D:5      | Entered Level 5 of the Dungeon
  3378 | D:5      | Reached skill level 5 in Armour
  3378 | D:5      | Reached skill level 6 in Shields
  3378 | D:5      | Reached XP level 8. HP: 61/63 MP: 9/9
  3383 | D:5      | Found a shimmering altar of Xom.
  4154 | D:5      | Reached skill level 5 in Long Blades
  4582 | D:6      | Found Ovigonill's Assorted Antiques.
  4656 | D:6      | Reached XP level 9. HP: 56/68 MP: 11/11
  4660 | D:6      | Reached skill level 7 in Shields
  5260 | D:7      | Found Yllis's Food Shop.
  5358 | D:7      | Reached ** piety under Okawaru
  5427 | D:7      | Reached skill level 5 in Invocations
  6241 | D:7      | Reached skill level 8 in Shields
  6667 | D:7      | Reached XP level 10. HP: 74/78 MP: 14/14
  6821 | D:8      | Reached *** piety under Okawaru
  7191 | D:8      | Noticed Prince Ribbit
  7523 | D:8      | Upgraded the game from 0.18-a0-1797-gc18daef to 0.18-a0-1799-g6250cb2
  7535 | D:8      | Noticed Erica
  7573 | D:8      | Killed Erica
  8031 | D:8      | Reached skill level 9 in Shields
  8186 | D:8      | Killed Prince Ribbit
  8186 | D:8      | Reached **** piety under Okawaru
  8412 | D:9      | Noticed Sl000nik's ghost (novice MiFi)
  8481 | D:9      | Killed Sl000nik's ghost
  8481 | D:9      | Reached XP level 11. HP: 45/87 MP: 13/16
  8737 | D:9      | Reached ***** piety under Okawaru
  8976 | D:9      | Found Zomaid's Assorted Antiques.
  9366 | D:9      | Found a white marble altar of Elyvilon.
  9366 | D:9      | Found a glowing golden altar of the Shining One.
  9373 | D:9      | Found an opulent altar of Gozag.
  9374 | D:9      | Found a shadowy altar of Dithmenos.
  9375 | D:9      | Found a burning altar of Makhleb.
  9375 | D:9      | Found a blossoming altar of Fedhas.
  9379 | D:9      | Found a sacrificial altar of Ru.
  9380 | D:9      | Found a shattered altar of Ashenzari.
  9560 | D:9      | Found a staircase to the Orcish Mines.
  9745 | D:10     | Entered Level 10 of the Dungeon
 10090 | D:10     | Reached skill level 10 in Shields
 10584 | D:10     | Received a gift from Okawaru
 11326 | D:11     | Noticed a manticore
 11404 | D:11     | Noticed a sixfirhy
 11407 | D:11     | Noticed a soul eater
 11411 | D:11     | Killed from afar by a soul eater

Vault maps used:
D:1:      dpeg_arrival_lava_altar, minmay_gold_behind_fungi
D:2:      minmay_shallow_snake_nest
D:3:      uniq_iyjb
D:4:      minmay_misc_feat_pillars, st_stairs_14, elyvilon_altar_5, uniq_sigmund
D:5:      first_bread, basic_altar
D:6:      serial_shops, shop_fountains, serial_park_tiny_2, minmay_mini_ossuary
D:7:      kennysheep_six_static_rooms, serial_shops,
          nicolae_shop_window_shopping, grunt_livestock, hex_large
D:8:      corexii_shantytown, uniq_erica, uniq_prince_ribbit1
D:9:      minitemple, david_orc_4, serial_shops, nicolae_shop_waterfront,
          minmay_misc_feat_alley, hangedman_abyss_or_decor_lesser_grid,
          kennysheep_decorative_pillar
D:10:     minmay_goldmine, serial_co_window_serial, co_window_corner_a,
          co_window_of_opportunity_a, co_window_cross_1, co_window_corner_a,
          co_window_cross_1, co_window_of_opportunity_a, co_window_cross_1,
          co_window_of_opportunity_b, co_window_cross_2, co_window_cross_2,
          co_window_paths_c, co_window_unsneaky_path_a, co_window_4corner_a
D:11:     kennysheep_windowed_halls, david_lair_shrubbed, basic_altar
Temple:   oiseaux_autumnal_temple_12

Skill      XL: |  1  2  3  4  5  6  7  8  9 10 11 |
---------------+----------------------------------+-----
Shields        | 4 5 6 8 9 10 | 10.3
Long Blades    | 3 4 5 6 7 8 |  8.6
Armour         | 4 5 6 7 8 9 |  9.4
Fighting       | 4 5 6 7 8 9 |  9.6
Invocations    | 2 3 5 7 8 |  8.9

Action                   |  1- 3 |  4- 6 |  7- 9 | 10-12 || total
-------------------------+-------+-------+-------+-------++-------
Melee: Long sword        |    77 |   270 |   471 |   200 ||  1018
       Scimitar          |       |       |       |   385 ||   385
Invok: Heroism           |       |       |       |     1 ||     1
 Abil: Dig               |       |       |     2 |     4 ||     6
  Use: Scroll            |       |     8 |     6 |     7 ||    21
       Potion            |       |       |       |     1 ||     1
  Eat: Chunk             |       |     7 |    13 |    16 ||    36
Armor: Scale mail        |    26 |    65 |       |       ||    91
       Chain mail        |       |    51 |   176 |    80 ||   307
       Plate armour      |       |       |       |   111 ||   111
Dodge: Dodged            |    20 |    80 |    90 |   113 ||   303
Block: Shield            |    44 |   137 |   264 |   287 ||   732
